 Dungeon Crawl Stone Soup version 0.28-a0-1117-g0bdd5ba030 (webtiles) character file.

Game seed: 385178911314372670

9907 enile the Grappler (level 11, -9/110 HPs)
             Began as a Troll Fighter on Dec 11, 2021.
             Was a Believer of Yredelemnul.
             Shot with an arrow by a centaur (14 damage)
             ... on level 11 of the Dungeon.
             The game lasted 00:32:41 (9075 turns).

enile the Grappler (Troll Fighter)                  Turns: 9075, Time: 00:32:41

Health: -9/110     AC:  4    Str: 30    XL:     11   Next: 29%
Magic:  15/15      EV:  9    Int:  4    God:    Yredelemnul [**....]
Gold:   283        SH: 14    Dex:  9    Spells: 8/12 levels left

rFire   . . .      SeeInvis .     - Unarmed
rCold   + . .      Faith    .   b - +1 kite shield
rNeg    + . .      Spirit   .   a - +0 robe
rPois   .          Reflect  +   (helmet restricted)
rElec   .          Harm     +   n - scarf {harm}
rCorr   .          Rampage  .   (gloves unavailable)
Will    .....                   (boots unavailable)
Stlth   +.........              i - amulet of reflection
HPRegen 1.08/turn               A - ring of positive energy
MPRegen 0.14/turn               p - ring of protection from cold

@: very slow
A: large, unfitting armour, claws 3, regeneration 1, shaggy fur 1, tough skin 1
a: Renounce Religion, Recall Undead Harvest, Dark Bargain


You were on level 11 of the Dungeon.
You worshipped Yredelemnul.
Yredelemnul was noncommittal.
You visited 2 branches of the dungeon, and saw 12 of its levels.

You collected 563 gold pieces.
You spent 280 gold pieces at shops.

Inventory:

Hand Weapons
 d - a +0 club
 w - a +4 quarterstaff of chaos
 y - a +3 falchion
 C - a +1 glaive of flaming
Armour
 a - a +0 robe (worn)
 b - a +1 kite shield (worn)
 j - a scarf of shadows
 n - a scarf of harm (worn)
Jewellery
 i - an amulet of reflection (around neck)
 k - a ring of wizardry
 p - a ring of protection from cold (right claw)
 r - a ring of wizardry
 u - a +6 ring of dexterity
 A - a ring of positive energy (left claw)
 B - a ring of resist corrosion
 F - a ring of wizardry
Wands
 H - a wand of polymorph (2) (quivered)
Scrolls
 c - a scroll of immolation
 e - a scroll of silence
 f - 2 scrolls of magic mapping
 g - 3 scrolls of fog
 h - 2 scrolls of amnesia
 l - a scroll of blinking
 m - 2 scrolls of holy word
 o - a scroll of vulnerability
 G - a scroll of torment {unknown}
Potions
 q - a potion of flight
 s - a potion of berserk rage
 t - a potion of brilliance
 v - 2 potions of curing
 z - a potion of haste
 D - a potion of ambrosia {unknown}
 E - a potion of degeneration {unknown}
 I - a potion of mutation {unknown}
 J - a potion of heal wounds


   Skills:
 + Level 7.7 Fighting
 - Level 2.0 Throwing
 - Level 4.0 Dodging
 - Level 1.0 Stealth
 - Level 6.0 Shields
 - Level 9.0 Unarmed Combat
 - Level 1.0 Spellcasting
 - Level 2.0 Summonings
 - Level 7.0 Invocations
 - Level 4.0 Evocations


You had 8 spell levels left.
You knew the following spells:

 Your Spells              Type           Power      Damage    Failure   Level
a - Summon Small Mammal   Summ           4%         N/A       41%         1
b - Call Canine Familiar  Summ           1%         N/A       78%         3

Your spell library contained the following spells:

 Spells                   Type           Power      Damage    Failure   Level
 Summon Guardian Golem    Hex/Summ       1%         N/A       89%         3
 Gell's Gravitas          Tloc           0%         N/A       96%         3
 Teleport Other           Tloc           0%         N/A       96%         3
 Tukima's Dance           Hex            0%         N/A       96%         3
 Leda's Liquefaction      Hex/Erth       0%         N/A       100%        4
 Passage of Golubria      Tloc           0%         N/A       100%        4
 Lee's Rapid Deconstruct  Erth           0%         3d5*      100%        5
 Yara's Violent Unravell  Hex/Tmut       0%         3d3       100%        5
 Dispersal                Tloc           0%         N/A       100%        6
 Statue Form              Tmut/Erth      0%         N/A       100%        6


Dungeon Overview and Level Annotations

Branches:
Dungeon (11/15)            Temple (1/1) D:6
   Lair: D:8-11         Orc: D:9-12

Altars:
Ashenzari
Cheibriados
Dithmenos
Elyvilon
Fedhas
Gozag
Hepliaklqana
Kikubaaqudgha
Makhleb
Nemelex Xobeh
Okawaru
Qazlal
Ru
Sif Muna
Trog
Uskayaw
Vehumet
Wu Jian
Xom
Yredelemnul
Zin
The Shining One

Shops:
D:1 [   D:2 =   D:8 *

Annotations:
D:5 3 runed translucent doors, ders's ghost, novice GrEE


Innate Abilities, Weirdness & Mutations

You are too large for most types of armour.
You have claws for hands.
Your natural rate of healing is unusually fast.
You are covered in fur. (AC +1)
You have tough skin. (AC +1)


Message History

The arrow hits the centaur!
The centaur unwields a +0 shortbow.
The centaur barely misses your ugly thing zombie.
The centaur kicks your ugly thing zombie but does no damage.
Your bullfrog zombie hits the centaur!
The centaur shoots an arrow.
The arrow hits you!
* * * LOW HITPOINT WARNING * * *
The centaur shoots an arrow.
The arrow hits your bullfrog zombie!
Your bullfrog zombie is destroyed!
Your ugly thing zombie splashes around in the water.
The centaur shoots an arrow.
The arrow closely misses you.
The centaur shoots an arrow.
You reflect the arrow off an invisible shield around you!
The arrow hits the centaur!
You kill the centaur!
You hear a splash. x2
A black mist starts to gather...
The centaur hits your ugly thing zombie but does no damage.
The centaur barely misses your ugly thing zombie.
The centaur shoots an arrow.
The arrow barely misses you.
The centaur shoots an arrow.
The arrow hits your yak zombie!
Your ugly thing zombie hits the centaur!
The centaur dies!
You hear a splash. x2
The centaur shoots an arrow.
The arrow hits your ugly thing zombie!
The centaur shoots an arrow.
The arrow hits your yak zombie!
The centaur shoots an arrow.
The arrow hits your ugly thing zombie!
The centaur shoots an arrow.
The arrow barely misses your ugly thing zombie.
The arrow hits you!
* * * LOW HITPOINT WARNING * * *
The centaur shoots an arrow.
The arrow completely misses your yak zombie.
You reflect the arrow off an invisible shield around you!
The arrow barely misses your yak zombie.
The arrow hits the centaur.
Your yak zombie gores the centaur.
The centaur shoots an arrow.
The arrow barely misses your ugly thing zombie.
The arrow hits you!
You die...
Your body rises from the dead as a mindless zombie.

?......≈....P[...
....#≈≈...P.....
###..≈≈≈≈..P....P .
.!..≈≈≈≈≈≈≈......
#.#####.≈≈≈≈)≈.?.≈≈≈
.c..c≈...≈≈≈)≈..#
#c..ZZ≈...)≈≈).##
...≈≈≈≈≈.##≈≈≈≈##
##)≈≈≈≈≈@#≈≈≈≈≈≈##
#≈≈Z≈≈≈≈≈≈≈≈≈≈≈≈≈#
≈≈≈≈≈≈≈≈≈≈≈≈≈≈≈≈(..#
#≈≈≈≈≈≈≈≈≈.≈≈≈≈###.#
##≈≈≈≈≈≈≈#.#≈≈...# #
##≈≈≈≈≈.#.#.#.#.#
##≈≈≈.<#.#.#.#.#
#.≈.#.#.#.#.# #
#.#.#.#.#


You could see 3 centaurs, a friendly yak zombie, a friendly ugly thing zombie
and a friendly centaur zombie.

Vanquished Creatures
  Erolcha (D:9)
  3 two-headed ogres
  2 ugly things
  A kobold demonologist (D:10)
  A troll (D:10)
  Prince Ribbit (D:6)
  A yak (D:11)
  3 steam dragons
  Eustachio (D:7)
  Menkaure (D:7)
  4 acid dragons
  2 nameless horrors
  Duvessa (D:5)
  9 orc warriors
  3 ice beasts
  A sky beast (D:5)
  5 centaurs
  5 ogres
  A phantom (D:4)
  2 bullfrogs
  2 gnoll sergeants
  2 scorpions
  Dowan (D:5)
  3 wights (D:9)
  6 howler monkeys
  2 centaur zombies (D:9)
  2 hounds
  Crazy Yiuf (D:7)
  3 gnoll shamans (D:6)
  5 orc priests
  2 jellies
  A bullfrog skeleton (D:6)
  4 centaur skeletons
  2 iguanas (D:5)
  2 orc wizards
  A hound zombie (D:5)
  A hound skeleton (D:4)
  22 gnolls
  3 adders
  A shadow imp (D:8)
  A white imp (D:5)
  A worm (D:2)
  2 dart slugs
  12 orcs
  3 ball pythons
  5 bats
  6 endoplasms
  4 giant cockroaches
  3 goblins
  6 hobgoblins
  11 jackals
  2 quokkas
  3 frilled lizards (D:1)
  16 kobolds
  5 rats
194 creatures vanquished.

Vanquished Creatures (collateral kills)
  A nameless horror (D:8)
  A troll (D:11)
  A water elemental (D:11)
  A sky beast (D:7)
  An ice beast (D:7)
  A centaur (D:11)
  A kobold brigand (D:9)
  2 bullfrogs (D:11)
  A centaur skeleton (D:7)
  A howler monkey zombie (D:6)
  3 gnolls
  4 orcs
18 creatures vanquished.

Vanquished Creatures (others)
  An orc warrior (D:11)
  A spectral ice beast (D:7)
  2 bullfrog zombies
  A scorpion zombie (D:11)
  An acid dragon zombie (D:10)
  2 howler monkey zombies (D:11)
  A spectral jelly (D:7)
  2 steam dragon zombies (D:9)
  A gnoll zombie (D:7)
  3 kobolds (D:9)
  5 kobold zombies
  7 orc zombies
  5 fungi (D:11)
  8 plants (D:11)
40 creatures vanquished.

Grand Total: 252 creatures vanquished

Notes
Turn   | Place    | Note
-------+----------+-------------------------------------------
     0 | D:1      | enile the Troll Fighter began the quest for the Orb.
     0 | D:1      | Reached XP level 1. HP: 22/22 MP: 0/0
    20 | D:1      | Found a faded altar of an unknown god.
   102 | D:1      | Found Masanaha's Armour Boutique.
   133 | D:1      | Reached XP level 2. HP: 25/31 MP: 1/1
   211 | D:1      | Reached XP level 3. HP: 28/37 MP: 2/2
   426 | D:2      | Reached skill level 3 in Unarmed Combat
   521 | D:2      | Found Afa Por's Jewellery Boutique.
  1365 | D:3      | Reached XP level 4. HP: 45/45 MP: 3/3
  1432 | D:3      | Learned a level 1 spell: Summon Small Mammal
  2076 | D:4      | Reached skill level 4 in Unarmed Combat
  2076 | D:4      | Reached XP level 5. HP: 26/53 MP: 1/4
  2424 | D:5      | Entered Level 5 of the Dungeon
  2486 | D:5      | Noticed Duvessa
  2486 | D:5      | Noticed Dowan
  2504 | D:5      | Reached skill level 1 in Evocations
  2506 | D:5      | Killed Duvessa
  2507 | D:5      | Reached skill level 1 in Summonings
  2507 | D:5      | Reached XP level 6. HP: 42/61 MP: 5/5
  2646 | D:5      | Found a runed translucent gate.
  2647 | D:5      | Found a runed translucent gate.
  2648 | D:5      | Found a runed translucent gate.
  2649 | D:5      | Noticed ders's ghost (novice GrEE)
  2694 | D:5      | Noticed an ice beast
  2717 | D:5      | Killed an ice beast
  2767 | D:5      | Killed Dowan
  2768 | D:5      | Reached skill level 1 in Spellcasting
  2805 | D:5      | Reached XP level 7. HP: 52/70 MP: 5/7
  2897 | D:5      | Identified the +5 chain mail "Mimnopt" {Slay+2}
  2902 | D:5      | Reached skill level 5 in Unarmed Combat
  3106 | D:5      | Reached skill level 1 in Stealth
  3237 | D:5      | Reached XP level 8. HP: 42/78 MP: 8/8
  3709 | D:6      | Reached skill level 6 in Unarmed Combat
  3930 | D:6      | Found a staircase to the Ecumenical Temple.
  4060 | Temple   | Entered the Ecumenical Temple
  4338 | Temple   | Became a worshipper of Yredelemnul the Dark
  4529 | D:6      | Reached skill level 5 in Fighting
  4531 | D:6      | Reached * piety under Yredelemnul
  4826 | D:7      | Noticed Prince Ribbit
  4986 | D:6      | Killed Prince Ribbit
  4998 | D:7      | Reached XP level 9. HP: 79/88 MP: 7/11
  5156 | D:7      | Reached skill level 5 in Invocations
  5267 | D:7      | Noticed Eustachio
  5453 | D:7      | Reached skill level 7 in Unarmed Combat
  5481 | D:7      | Noticed Menkaure
  5486 | D:7      | Killed Menkaure
  5706 | D:7      | Reached skill level 5 in Shields
  5767 | D:7      | Killed Eustachio
  5895 | D:7      | Found a runed translucent door.
  5896 | D:7      | Noticed Crazy Yiuf
  5904 | D:7      | Killed Crazy Yiuf
  5951 | D:8      | Noticed a two-headed ogre
  5969 | D:7      | Learned a level 3 spell: Call Canine Familiar
  6029 | D:7      | Killed a two-headed ogre
  6030 | D:7      | Reached XP level 10. HP: 97/98 MP: 5/13
  6152 | D:8      | Noticed a nameless horror
  6274 | D:8      | Reached skill level 1 in Throwing
  6344 | D:8      | Killed a nameless horror
  6622 | D:8      | Found Liul's Assorted Antiques.
  6628 | D:8      | Bought a twisted diamond ring for 140 gold pieces
  7064 | D:8      | Bought an encrusted silver ring for 140 gold pieces
  7368 | D:9      | Noticed a two-headed ogre
  7377 | D:9      | Reached skill level 8 in Unarmed Combat
  7429 | D:8      | Killed a two-headed ogre
  7581 | D:9      | Noticed Erolcha
  7612 | D:9      | HP: 2/102 [something (31)]
  7795 | D:9      | Killed Erolcha
  7927 | D:9      | Found an opulent altar of Gozag.
  8015 | D:10     | Entered Level 10 of the Dungeon
  8019 | D:10     | Noticed a white ugly thing
  8030 | D:10     | Noticed a two-headed ogre
  8048 | D:10     | Killed a white ugly thing
  8053 | D:10     | Killed a two-headed ogre
  8396 | D:10     | Reached XP level 11. HP: 86/109 MP: 15/15
  9007 | D:11     | Noticed a red ugly thing
  9020 | D:11     | Killed a red ugly thing
  9020 | D:11     | Reached ** piety under Yredelemnul
  9021 | D:11     | Reached skill level 9 in Unarmed Combat
  9031 | D:11     | Reached *** piety under Yredelemnul
  9075 | D:11     | HP: 5/110 [centaur/arrow (18)]
  9075 | D:11     | Shot with an arrow by a centaur

Illustrated notes

Levels and vault maps discovered:
D:1:      dpeg_arrival_stone_temple_mockup, layout_basic,
          basic_ecumenical_altar, serial_shops, nicolae_shop_behind_doors,
          st_stairs_11
D:2:      layout_loops_cross, serial_shops, shop_statue
D:3:      layout_basic
D:4:      cheibrodos_quashed, layout_cave_pools, grunt_ministairs_1
D:5:      layout_loops_ring, gammafunk_ghost_necromancy, st_stairs_1,
          corexii_shack, uniq_duvessa
D:6:      nicolae_cairo_tiling_large, layout_gridville,
          minmay_temple_entry_drinking_statues
D:7:      layout_rooms, hangedman_decor_opposing, sword_in_stone,
          uniq_crazy_yiuf_cottage, uniq_menkaure, uniq_prince_ribbit1
D:8:      layout_rooms, serial_shops, kennysheep_little_box
D:9:      nicolae_whirlpool, layout_cave_pools, grunt_gozag_breadcrumbs,
          dreamdust_deal_with_the_devil, uniq_erolcha
D:10:     layout_basic, serial_curves, eino_curves_04, eino_curves_03
D:11:     layout_basic, grunt_lair_entry_orc_guard_hut, portal_ice_cave_rime,
          uniq_fannar
Temple:   compressed_dpeg_triangle_lava_temple

Skill      XL: |  1  2  3  4  5  6  7  8  9 10 11 |
---------------+----------------------------------+-----
Fighting       | 3 4 5 6 7 |  7.7
Unarmed Combat | 3 4 5 6 7 8 9 |  9.0
Dodging        | 3 4 |  4.0
Shields        | 3 4 5 6 |  6.0
Evocations     | 2 3 4 |  4.0
Summonings     | 1 2 |  2.0
Spellcasting   | 1 |  1.0
Stealth        | 1 |  1.0
Invocations    | 4 6 7 |  7.0
Throwing       | 2 |  2.0

Action                   |  1- 3 |  4- 6 |  7- 9 | 10-12 || total
-------------------------+-------+-------+-------+-------++-------
Melee: Unarmed           |   138 |    85 |   254 |   205 ||   682
Throw: Throwing net      |       |       |    11 |     3 ||    14
 Cast: Summon Small Mamm |       |     1 |    21 |     3 ||    25
       Call Canine Famil |       |       |     2 |       ||     2
Invok: Recall Undead Har |       |       |     2 |       ||     2
Evoke: Wand              |       |     6 |    15 |     5 ||    26
  Use: Potion            |       |     2 |     2 |     3 ||     7
       Scroll            |       |       |    13 |    10 ||    23
 Stab: Sleeping          |     1 |       |     2 |     1 ||     4
       Held in net/web   |       |       |       |     1 ||     1
Armor: Robe              |    59 |    30 |    44 |    20 ||   153
       Skin              |       |     3 |       |       ||     3
Dodge: Dodged            |    54 |    35 |    72 |    61 ||   222
Block: Kite shield       |    51 |    33 |   132 |   154 ||   370
       Reflection        |       |       |     5 |    25 ||    30

Table legend: (Time is in decaauts)
 A = Elapsed time spent in this place.
 B = Non-inter-level travel time spent in this place.
 C = Inter-level travel time spent in this place.
 D = Time resting spent in this place.
 E = Time spent auto-exploring this place.
 F = Levels seen in this place.
 G = Mean time per level.
                   A        B        C        D        E       F      G
               +--------+--------+--------+--------+--------+-----+--------+
         Total |   9182 |   8415 |    767 |    717 |   5493 |  12 |  765.2 |
       Dungeon |   8845 |   8124 |    721 |    717 |   5217 |  11 |  804.1 |
        Temple |    336 |    291 |     45 |      0 |    276 |   1 |  336.0 |
               +--------+--------+--------+--------+--------+-----+--------+

Top non-repeatable levels by time:
     D:5: 1195 daAuts
     D:9: 1170 daAuts
     D:6: 1167 daAuts
     D:7: 1012 daAuts
     D:3: 980 daAuts
     D:8: 915 daAuts
     D:4: 651 daAuts
     D:2: 637 daAuts
    D:10: 604 daAuts
     D:1: 428 daAuts
  Temple: 336 daAuts
    D:11: 81 daAuts
